 Dungeon Crawl Stone Soup version 0.20.0-15-g7f486f2 (webtiles) character file.

1978 Chiseanne the Thaumaturge (level 9, 57/57 HPs)
             Began as a Demonspawn Wizard on June 14, 2017.
             Was a Priest of Vehumet.
             Quit the game on level 6 of the Dungeon.
             The game lasted 00:19:23 (8335 turns).

Chiseanne the Thaumaturge (Demonspawn Wizard)       Turns: 8335, Time: 00:19:24

Health: 57/57      AC: 10    Str: 13    XL:     9   Next: 1%
Magic:  13/21      EV: 12    Int: 29    God:    Vehumet [***...]
Gold:   300        SH:  0    Dex: 12    Spells: 15/24 levels left

rFire    . . .     SeeInvis .   a - +3 spear (pierce)
rCold    . . .     Gourm    .   (no shield)
rNeg     + . .     Faith    .   o - +0 leather armour
rPois    .         Spirit   .   x - +2 hat "Nois" {rN+ MR- Str+3 Int+7}
rElec    .         Reflect  .   (no cloak)
rCorr    .         Harm     .   (no gloves)
MR       .....                  E - +0 pair of boots
Stlth    ++........             (no amulet)
Regen    0.2/turn               r - +4 ring of protection
MPRegen  0.2/turn               (no ring)

@: no status effects
A: hooves 1, horns 1, demonic guardian 1, strong 1, rot immunity, sturdy frame 2
a: Renounce Religion


You were on level 6 of the Dungeon.
You worshipped Vehumet.
Vehumet was most pleased with you.
You were very hungry.

You visited 1 branch of the dungeon, and saw 6 of its levels.
You also visited: Ossuary.

You collected 300 gold pieces.

Inventory:

Hand Weapons
 a - a +3 spear of piercing (weapon)
Missiles
 c - 40 poisoned needles
 m - 13 sling bullets
 s - 78 bolts
 t - 16 arrows
Armour
 j - a +0 shield
 o - a +0 leather armour (worn)
 x - the +2 hat "Nois" (worn) {rN+ MR- Str+3 Int+7}
   (You found it on level 5 of the Dungeon)

   It affects your strength (+3).
   It affects your intelligence (+7).
   It protects you from negative energy.
   It affects your resistance to hostile enchantments.
 E - a +0 pair of boots (worn)
Jewellery
 r - a +4 ring of protection (left hand)
 u - an uncursed ring of ice
Scrolls
 b - 2 scrolls of recharging
 e - 5 scrolls of teleportation
 k - 2 scrolls of remove curse
 w - a scroll of enchant armour
 y - a scroll of fog
 A - a scroll of amnesia {unknown}
 B - a scroll of magic mapping
Potions
 h - a potion of flight {unknown}
 i - 4 potions of ambrosia {unknown}
 n - 3 potions of heal wounds {unknown}
 p - 2 potions of lignification {unknown}
 v - 3 potions of haste {unknown}
 z - a potion of degeneration {unknown}
 C - 2 potions of curing
Comestibles
 d - 6 bread rations
 f - 3 meat rations
 g - 2 fruits
 q - a royal jelly


   Skills:
 - Level 1.7 Dodging
 - Level 1.7 Stealth
 * Level 8.3 Spellcasting
 * Level 8.2 Conjurations
   Level 1.0 Summonings
 - Level 0.8 Translocations


You had 15 spell levels left.
You knew the following spells:

 Your Spells              Type           Power        Failure   Level  Hunger
a - Magic Dart            Conj           ####         1%          1    None
b - Blink                 Tloc           N/A          4%          2    None
c - Conjure Flame         Conj/Fire      #####...     1%          3    None
d - Mephitic Cloud        Conj/Pois/Air  ####....     1%          3    None


Dungeon Overview and Level Annotations

Branches:
Dungeon (6/15)             Temple (0/1) D:5

Altars:
Ashenzari
Dithmenos
Kikubaaqudgha
Nemelex Xobeh
Qazlal
Ru
Sif Muna
Vehumet


Innate Abilities, Weirdness & Mutations

A weak demonic guardian rushes to your aid.
You are immune to rotting.
Your movements are less encumbered by armour. (ER -4)
You have large cloven feet.
You have a pair of small horns on your head.
Your muscles are strong. (Str +2)


Message History

Press: ? - help, Shift-Dir - straight line, f/p - human skeleton
Aim: a human skeleton (severely damaged)
The magic dart hits the human skeleton.
The human skeleton is almost destroyed.
The human skeleton hits you.
Casting: Magic Dart
Confirm with . or Enter, or press ? or * to list all spells.
Aiming: Magic Dart
Press: ? - help, Shift-Dir - straight line, f/p - human skeleton
Aim: a human skeleton (almost destroyed)
The magic dart hits the human skeleton.
You destroy the human skeleton!
Vehumet accepts your kill.
You have reached level 9!
Your experience leads to an increase in your attributes!
Your base attributes are Str 8, Int 21, Dex 12.
Increase (S)trength, (I)ntelligence, or (D)exterity?
You feel clever.
Your demonic ancestry asserts itself...
You feel the presence of a demonic guardian.
Are you sure you want to abandon this character and quit the game? (Confirm with "yes".)

#......###.#.#<#..# #.....#.#.
####..........#.#.##.###.....#'##
..........###.#.#.##..##.........
..........# #.#######'##.........
..........# #.#.'.#.#.##.........
########### #.###'#'#.##.........
#.#.'...'.##.....#'##
#.###...########.....
*********,#.@...'.### ###.##
*,,,,,,,,,#'#'#'###.######)#
*,********#.#.#.'.#......).# *,*
#########........# *,******
####........?.....#
*,**,,,**#...............).#
*****,*,,*,,*,,#..#.........)..#
,,,,,,,,,**,,,*#...............##
*****,,,,***,**#.................


There were no monsters in sight!

Vanquished Creatures
  Grinder (D:3)
  A sky beast (D:6)
  2 black bears
  An ogre (D:4)
  A phantom (D:6)
  An elf skeleton (D:6)
  A bullfrog (D:6)
  A gnoll sergeant (D:6)
  A scorpion (D:6)
  3 water moccasin zombies (Ossuary)
  A crimson imp (D:6)
  A centaur zombie (D:6)
  3 hounds
  A jelly (D:5)
  2 orc priests (D:4)
  6 orc wizards
  A bullfrog skeleton (D:6)
  An iguana (D:6)
  3 human skeletons (D:6)
  5 worker ants
  2 mummies (Ossuary)
  4 gnolls (D:6)
  9 adders
  2 river rats (D:6)
  5 adder zombies (Ossuary)
  An ooze (D:3)
  An adder skeleton (D:4)
  A worm (D:2)
  A dart slug (D:4)
  6 leopard geckos
  11 orcs
  3 giant cockroaches
  4 gnoll zombies (Ossuary)
  10 goblins
  10 hobgoblins
  3 jackals (D:6)
  8 kobolds
  5 quokkas
  4 ball pythons
  6 bats
  A frilled lizard (D:1)
  5 hobgoblin zombies (Ossuary)
  A jackal skeleton (D:4)
  3 kobold zombies (Ossuary)
  An orc skeleton (D:6)
  10 orc zombies
  2 quokka zombies (D:6)
  10 rats
166 creatures vanquished.

Vanquished Creatures (others)
  A leopard gecko (D:4)
1 creature vanquished.

Grand Total: 167 creatures vanquished

Notes
Turn   | Place    | Note
-------+----------+-------------------------------------------
     0 | D:1      | Chiseanne the Demonspawn Wizard began the quest for the Orb.
     0 | D:1      | Reached XP level 1. HP: 13/13 MP: 4/4
   301 | D:1      | Gained mutation: Your movements are slightly less encumbered by armour. (ER -2) [demonic ancestry]
   301 | D:1      | Reached XP level 2. HP: 19/19 MP: 3/6
   673 | D:1      | Learned a level 2 spell: Blink
  1218 | D:1      | Reached XP level 3. HP: 11/24 MP: 0/8
  1389 | D:2      | Learned a level 3 spell: Conjure Flame
  1393 | D:2      | Learned a level 3 spell: Mephitic Cloud
  1409 | D:2      | Found a sacrificial altar of Ru.
  1811 | D:1      | Gained mutation: You have a pair of small horns on your head. [potion of mutation]
  1811 | D:1      | Gained mutation: Your muscles are strong. (Str +2) [potion of mutation]
  1811 | D:1      | Gained mutation: You have large cloven feet. [potion of mutation]
  1829 | D:1      | Reached XP level 4. HP: 18/30 MP: 0/10
  3096 | D:3      | Found a shadowy altar of Dithmenos.
  3190 | D:3      | Found a radiant altar of Vehumet.
  3193 | D:3      | Became a worshipper of Vehumet
  3198 | D:3      | Found an ancient bone altar of Kikubaaqudgha.
  3199 | D:3      | Found a deep blue altar of Sif Muna.
  3203 | D:3      | Identified Sif Muna's Incunabulum of Transmutation
  3243 | D:3      | Noticed a black bear
  3366 | D:3      | Killed a black bear
  3366 | D:3      | Gained mutation: Your movements are less encumbered by armour. (ER -4) [demonic ancestry]
  3366 | D:3      | Reached XP level 5. HP: 25/35 MP: 1/12
  3478 | D:3      | Noticed Grinder
  3492 | D:3      | Paralysed by Grinder for 5 turns
  3507 | D:3      | Killed Grinder
  3507 | D:3      | Reached skill level 5 in Spellcasting
  3507 | D:3      | Reached XP level 6. HP: 34/41 MP: 0/14
  3938 | D:3      | Found a faded altar of an unknown god.
  4340 | D:3      | Reached skill level 5 in Conjurations
  4340 | D:3      | Gained mutation: You are immune to rotting. [demonic ancestry]
  4340 | D:3      | Reached XP level 7. HP: 35/46 MP: 0/15
  4572 | D:2      | Found a stormy altar of Qazlal.
  4820 | D:4      | Found a stormy altar of Qazlal.
  4845 | D:4      | Found a shattered altar of Ashenzari.
  5206 | D:4      | Found a sparkling altar of Nemelex Xobeh.
  5503 | D:5      | Entered Level 5 of the Dungeon
  5669 | D:5      | Reached * piety under Vehumet
  5669 | D:5      | Offered knowledge of Sting by Vehumet.
  5724 | D:5      | Got a dazzling hat
  5830 | D:5      | Identified the +2 hat "Nois" {rN+ MR- Str+3 Int+7} (You found it on level 5 of the Dungeon)
  6136 | D:5      | Found a staircase to the Ecumenical Temple.
  6470 | D:6      | Reached XP level 8. HP: 45/52 MP: 12/18
  6527 | D:6      | Found a sand-covered staircase.
  6542 | Ossuary  | Entered an ossuary
  6843 | Ossuary  | Offered knowledge of Shock by Vehumet.
  6895 | Ossuary  | Reached ** piety under Vehumet
  7365 | D:6      | Offered knowledge of Throw Frost by Vehumet.
  7674 | D:6      | Reached *** piety under Vehumet
  8334 | D:6      | Gained mutation: A weak demonic guardian rushes to your aid. [demonic ancestry]
  8334 | D:6      | Reached XP level 9. HP: 56/57 MP: 13/21
  8335 | D:6      | Quit the game

Skill      XL: |  1  2  3  4  5  6  7  8 |
---------------+-------------------------+-----
Conjurations   | 2 3 4 5 6 8 |  8.2
Spellcasting   | 4 5 7 8 |  8.3
Dodging        | |  1.7
Stealth        | |  1.7
Summonings     | |  1.0
Translocations | |  0.8

Action                   |  1- 3 |  4- 6 |  7- 9 || total
-------------------------+-------+-------+-------++-------
Melee: Club              |     1 |       |       ||     1
       Short sword       |    21 |    10 |       ||    31
       Kick              |     3 |     1 |       ||     4
       Headbutt          |     2 |     3 |     6 ||    11
       Long sword        |       |    14 |    22 ||    36
       Spear             |       |       |     1 ||     1
 Cast: Magic Dart        |    78 |   104 |   309 ||   491
       Mephitic Cloud    |     5 |     8 |    10 ||    23
       Blink             |       |     2 |       ||     2
       Conjure Flame     |       |       |     5 ||     5
  Use: Potion            |     3 |     3 |       ||     6
       Scroll            |       |     9 |     4 ||    13
 Stab: Confused          |     1 |       |       ||     1
       Invisible         |       |     1 |       ||     1
       Sleeping          |       |       |     1 ||     1
  Eat: Chunk             |     2 |     8 |     9 ||    19
       Fruit             |       |       |     4 ||     4
Armor: Leather armour    |     8 |    18 |    61 ||    87
Dodge: Dodged            |    26 |    40 |    82 ||   148
       Rpst.: Long sword |       |     7 |    23 ||    30
